 Dungeon Crawl Stone Soup version 0.28.0-43-g3370ac3207 (webtiles) character file.

Game seed: 1115146409309641371

63 pkoi the Gusty (level 3, 0/16 HPs)
             Began as a Spriggan Air Elementalist on Mar 22, 2022.
             Killed by divine providence
             ... invoked by an orc priest
              (16 damage)
             ... on level 3 of the Dungeon.
             The game lasted 00:03:23 (3601 turns).

pkoi the Gusty (Spriggan Air Elementalist)          Turns: 3601, Time: 00:03:24

Health: 0/16       AC:  2    Str:  4    XL:     3   Next: 87%
Magic:  6/8        EV: 17    Int: 18    God:
Gold:   60         SH:  0    Dex: 15    Spells: 5/8 levels left

rFire   . . .      SeeInvis +   i - +1 whip (drain)
rCold   . . .      Faith    .   (no shield)
rNeg    . . .      Spirit   .   a - +0 robe
rPois   .          Reflect  .   (helmet restricted)
rElec   .          Harm     .   (no cloak)
rCorr   .          Rampage  .   (gloves unavailable)
Will    .....                   (boots unavailable)
Stlth   ++........              (no amulet)
HPRegen 0.05/turn               (no ring)
MPRegen 0.11/turn               (no ring)

@: very quick
A: very small, no large weapons, unfitting armour, see invisible, speed 3
a: no special abilities


You were on level 3 of the Dungeon.
You visited 1 branch of the dungeon, and saw 3 of its levels.

You collected 60 gold pieces.

Inventory:

Hand Weapons
 b - a +0 short sword
 i - a +1 whip of draining (weapon)
Armour
 a - a +0 robe (worn)
Scrolls
 d - a scroll of acquirement {unknown}
 e - a scroll of fog {unknown}
 g - a scroll of amnesia {unknown}
Potions
 c - a potion of flight {unknown}
 f - a potion of curing {unknown}
 h - a potion of berserk rage {unknown}
 j - a potion of attraction {unknown}
 k - a potion of heal wounds {unknown}


   Skills:
 - Level 2.6 Dodging
 - Level 3.0 Stealth
 + Level 3.0 Spellcasting
 - Level 0.6 Conjurations
 + Level 4.1 Air Magic
 + Level 1.1 Poison Magic


You had 5 spell levels left.
You knew the following spells:

 Your Spells              Type           Power      Damage    Failure   Level
a - Shock                 Conj/Air       44%        1d5       6%          1
b - Poisonous Vapours     Pois/Air       24%        N/A       9%          2

Your spell library contained the following spells:

 Spells                   Type           Power      Damage    Failure   Level
 Swiftness                Air            17%        N/A       9%          3
 Static Discharge         Conj/Air       11%        N/A       10%         2
 Corpse Rot               Necr/Air       20%        N/A       11%         2
 Airstrike                Air            8%         N/A       30%         4


Dungeon Overview and Level Annotations

Branches:
Dungeon (3/15)

Altars:


Innate Abilities, Weirdness & Mutations

You are very small and have problems with some larger weapons.
You are too small for most types of armour.
You have supernaturally acute eyesight. (SInv)
You cover ground extremely quickly. (Speed+++)


Message History

You can't see any susceptible monsters within range! (Use Z to cast anyway.) Unknown command.
You see here a giant cockroach corpse.
Found a stone staircase leading down.
There is a stone staircase leading down here.
There is an open door here.
There is a shaft here.
Found an escape hatch in the floor.
There is an escape hatch in the floor here.
There is an escape hatch in the floor here.
Done exploring.
Done exploring.
Done exploring.
Done exploring.
(D) Dungeon
Where to? (Enter - D:1 @ (x,y), ? - help)
There is a stone staircase leading down here.
You climb downwards.
Found 16 stones.
Found a stone staircase leading down.
There is a stone staircase leading up here.
There are monsters nearby!
Unknown command.
There are monsters nearby!
There are monsters nearby!
The zap hits the orc wizard.
The orc wizard is lightly wounded.
The zap hits the orc priest.
The orc priest is lightly wounded.
The orc priest shouts!
The orc priest calls upon Beogh to heal the orc wizard.
The orc wizard's wounds heal themselves!
The zap hits the orc wizard.
The orc wizard is lightly wounded.
The zap hits the orc priest.
The orc priest is heavily wounded.
The orc shouts!
The orc priest invokes the aid of Beogh against you.
Beogh smites you!
Ouch! That really hurt!
You die...

# #####.#.#
#######......(.
.oo...o@.....#
........##>..#
..##.#### .# ..
..# #


You could see an orc priest, an orc wizard and an orc.

Vanquished Creatures
  An adder (D:2)
  3 worms (D:2)
  A dart slug (D:1)
  5 bats (D:1)
  An endoplasm (D:1)
  6 giant cockroaches
  3 goblins (D:1)
  4 hobgoblins
  6 kobolds
  5 ball pythons (D:1)
  2 frilled lizards
  5 rats
42 creatures vanquished.

Notes
Turn   | Place    | Note
-------+----------+-------------------------------------------
     0 | D:1      | pkoi the Spriggan Air Elementalist began the quest for the
                  | Orb.
     0 | D:1      | Reached XP level 1. HP: 9/9 MP: 5/5
   217 | D:1      | Reached skill level 3 in Air Magic
   443 | D:1      | Reached XP level 2. HP: 13/13 MP: 4/6
  1292 | D:1      | Reached XP level 3. HP: 15/16 MP: 4/8
  1329 | D:1      | Learned a level 2 spell: Poisonous Vapours
  2465 | D:2      | Reached skill level 4 in Air Magic
  2739 | D:2      | Reached skill level 1 in Poison Magic
  3601 | D:3      | Killed from afar by an orc priest

Illustrated notes

Levels and vault maps discovered:
D:1:      amcnicky_arrival_blooded_trapdoor, layout_basic
D:2:      layout_basic
D:3:      layout_loops_ring

Skill      XL: |  1  2  3 |
---------------+----------+-----
Air Magic      | 3 4 |  4.1
Poison Magic   | 1 |  1.1
Spellcasting   | 3 |  3.0
Dodging        | |  2.6
Stealth        | |  3.0
Conjurations   | |  0.6

Action                   || total
-------------------------++-------
Melee: Whip              ||     6
 Cast: Shock             ||   108
Armor: Robe              ||     1
Dodge: Dodged            ||    11
